 Dungeon Crawl Stone Soup version 0.19-a0-1815-g4007336 (webtiles) character file.

101 witty the Caller (level 4, -4/34 HPs)
             Began as a Vampire Summoner on Oct 6, 2016.
             Was an Initiate of Sif Muna.
             Killed from afar by an orc wizard (9 damage)
             ... with a puff of flame
             ... on level 3 of the Dungeon.
             The game lasted 00:04:12 (1411 turns).

witty the Caller (Vampire Summoner)                 Turns: 1411, Time: 00:04:13

Health: -4/34      AC:  2    Str:  7    XL:     4   Next: 48%
Magic:  5/7        EV: 13    Int: 18    God:    Sif Muna [......]
Gold:   70         SH:  0    Dex: 14    Spells: 1 memorised, 6 levels left

rFire  . . .     SeeInvis +     h - +1 mace (drain)
rCold  . . .     Gourm    .     a - +0 robe
rNeg   + . .     Faith    .     (no shield)
rPois  .         Spirit   .     p - +0 hat {MR+}
rElec  .         Dismiss  .     (no cloak)
rCorr  .         Reflect  .     (no gloves)
MR     +....     Harm     .     (no boots)
Stlth  ++........               (no amulet)
                                (no ring)
                                (no ring)

@: very slightly contaminated
A: fangs 3, see invisible, unbreathing
a: Bat Form, Renounce Religion


You were on level 3 of the Dungeon.
You worshipped Sif Muna.
Sif Muna was noncommittal.
You were not thirsty.

You visited 1 branch of the dungeon, and saw 3 of its levels.

You collected 70 gold pieces.

Inventory:

Hand Weapons
 e - a +0 spear
   (You found it on level 1 of the Dungeon)
 h - a +1 mace of draining (weapon)
   (You found it on level 1 of the Dungeon)
 i - a +0 dagger
   (You took it off a goblin on level 1 of the Dungeon)
Armour
 a - a +0 robe (worn)
 f - a +0 hat
   (You found it on level 1 of the Dungeon)
 o - a +1 chain mail of poison resistance
   (You took it off Terence on level 2 of the Dungeon)
 p - a +0 hat of magic resistance (worn)
   (You found it on level 2 of the Dungeon)
Scrolls
 d - a scroll of identify
 k - a scroll of remove curse {unknown}
 n - a scroll of amnesia {unknown}
 r - 2 scrolls of teleportation {unknown}
 t - a scroll of recharging {unknown}
Potions
 c - 9 potions of blood {@q1}
 g - 3 potions of resistance
 j - a potion of curing {unknown}
 l - a potion of haste {unknown}
 m - 3 potions of berserk rage {!q}
 q - a potion of ambrosia {unknown}
 s - a potion of degeneration {unknown}
 u - a potion of heal wounds {unknown}
Books
 b - a book of Callings


   Skills:
 - Level 2.3 Fighting
 + Level 1.2 Maces & Flails
 - Level 0.8 Polearms
 - Level 3.0 Dodging
 + Level 3.4 Stealth
 - Level 2.0 Spellcasting
 - Level 4.0 Summonings


You had 6 spell levels left.
You knew the following spells:

 Your Spells              Type           Power        Failure   Level  Hunger
a - Summon Small Mammal   Summ           ###.         3%          1    #......


Dungeon Overview and Level Annotations

Branches:
Dungeon (3/15)

Altars:
Sif Muna
Uskayaw


Innate Abilities, Weirdness & Mutations

You have razor-sharp teeth.
You have supernaturally acute eyesight. (SInv)
You can survive without breathing.


Message History

You closely miss the goblin. The goblin barely misses you. x2
You hit the goblin.
You kill the goblin!
Sif Muna accepts your kill.
MP restored: 7 You closely miss the orc.
The orc hits you.
You take 2 damage, and have 31/34 hp.
You closely miss the orc. The orc completely misses you.
An orc comes into view. It is wielding a dagger.
The orc shouts!
You hit the orc. The orc misses you. The orc completely misses you.
You barely miss the orc. You bite the orc. The orc hits you.
The orc wizard looks encouraged for a moment.
You take 3 damage, and have 29/34 hp.
The orc hits you.
You take 3 damage, and have 26/34 hp.
You now have 6/7 mp.
You swap places.
Your bat barely misses the orc.
The orc closely misses your bat.
You swap places.
Your bat closely misses the orc.
The orc closely misses your bat.
Your bat barely misses the orc.
The orc barely misses your bat.
Your bat hits the orc. The orc hits your bat.
Your bat closely misses the orc.
The orc closely misses your bat.
Your bat hits the orc. The orc closely misses your bat.
Your bat hits the orc.
The orc dies!
Sif Muna accepts your kill.
Your bat barely misses the orc. x2; The orc barely misses your bat.
Your bat hits the orc. The orc hits your bat.
MP restored: 7 Your bat hits the orc.
The orc completely misses your bat.
Your bat hits the orc.
Your bat barely misses the orc.
The orc misses your bat.
Your bat closely misses the orc.
Your bat hits the orc. The orc hits your bat.
Your bat hits the orc. The orc closely misses your bat.
Your bat misses the orc. x2; The orc hits your bat.
Your bat barely misses the orc.
The orc wizard looks encouraged for a moment.
Your bat hits the orc. The orc hits your bat.
Your bat dies!
Your bat's corpse disappears in a puff of smoke!
The orc hits your quokka.
Your quokka bites the orc.
The orc dies!
Sif Muna accepts your kill. The orc hits your quokka with a dagger.
Your quokka dies!
Your quokka's corpse disappears in a puff of smoke!
You miscast Summon Small Mammal.
You are very lightly contaminated with residual magic.
You feel a strange surge of energy!
You now have 6/7 mp.
You don't know that spell.
The orc closely misses you.
You now have 5/7 mp.
The orc hits you but does no damage.
You now have 4/7 mp.
You hit the orc. You drain the orc!
Your bat closely misses the orc.
The orc wizard gestures wildly while chanting.
The orc wizard flickers and vanishes for a moment.
The orc hits you with a dagger.
You take 5 damage, and have 23/34 hp.
You hit the orc.
You kill the orc!
Sif Muna accepts your kill.
You hit the orc wizard.
The orc wizard hits you but does no damage.
The orc hits you from afar with a trident.
The orc wizard hits you with a dagger.
You take 5 damage, and have 19/34 hp.
You are too injured to fight recklessly!
You are too injured to fight recklessly!
Unknown command.
You are too injured to fight recklessly!
You closely miss the orc wizard.
You bite the orc wizard, but do no damage.
The orc wizard barely misses you. The orc completely misses you.
You barely miss the orc wizard. The orc wizard barely misses you.
The orc hits you from afar with a trident.
The orc wizard hits you with a dagger.
You take 4 damage, and have 15/34 hp.
You hit the orc wizard. You drain the orc wizard!
The orc hits you from afar with a trident.
The orc wizard closely misses you.
You take 3 damage, and have 12/34 hp.
You hit the orc wizard.
The orc hits you from afar with a trident.
* * * LOW HITPOINT WARNING * * *
The orc wizard hits you but does no damage.
The orc hits you from afar with a trident.
* * * LOW HITPOINT WARNING * * *
You take 8 damage, and have 4/34 hp.
MASSIVE DAMAGE!!
Your bat misses the orc wizard.
The orc wizard hits your bat with a dagger.
Your bat dies!
Your bat's corpse disappears in a puff of smoke!
The orc wizard casts a cantrip, but nothing happens.
The orc wizard points at you and mumbles some strange words.
The puff of flame misses your rat. The puff of flame hits you!
You die...

#
...############################
...o.†ooo†o)...................
...oo#######o...##.............
..... #.o..##...).........
.o... #...r##.............
..... #....@#..(#....#... o....
#####.....##..## ....#
###(..##''## .... #(..#8..8#
#..)##__## #....#⌠⌠# #....#####
###<####.# ##.##..#


You could see 2 orc wizards, an orc and a friendly rat.

Vanquished Creatures
  Jessica (D:2)
  Terence (D:2)
  An adder (D:2)
  An ooze (D:1)
  A worm (D:2)
  2 orcs (D:3)
  2 giant cockroaches
  7 goblins
  2 hobgoblins
  A ball python (D:3)
  2 bats (D:2)
  2 frilled lizards
  6 kobolds
  4 rats
33 creatures vanquished.

Vanquished Creatures (collateral kills)
  A leopard gecko (D:1)
  2 orcs (D:3)
  2 bats
  A goblin (D:1)
  A hobgoblin (D:3)
  2 frilled lizards
  2 rats (D:1)
11 creatures vanquished.

Grand Total: 44 creatures vanquished

Notes
Turn   | Place    | Note
-------+----------+-------------------------------------------
     0 | D:1      | witty the Vampire Summoner began the quest for the Orb.
     0 | D:1      | Reached XP level 1. HP: 13/13 MP: 3/3
    84 | D:1      | Reached skill level 1 in Fighting
   158 | D:1      | Reached XP level 2. HP: 21/21 MP: 3/5
   405 | D:2      | Noticed Jessica
   414 | D:2      | Killed Jessica
   414 | D:2      | Reached XP level 3. HP: 23/27 MP: 2/6
   425 | D:2      | Noticed Terence
   462 | D:2      | Killed Terence
   462 | D:2      | Reached skill level 2 in Fighting
   462 | D:2      | Reached skill level 1 in Maces & Flails
   462 | D:2      | Reached XP level 4. HP: 29/34 MP: 4/7
   759 | D:2      | Reached skill level 3 in Dodging
  1137 | D:3      | Noticed a sky beast
  1311 | D:3      | Found a hide-covered altar of Uskayaw.
  1311 | D:3      | Found a deep blue altar of Sif Muna.
  1317 | D:3      | Became a worshipper of Sif Muna the Loreminder
  1407 | D:3      | HP: 4/34 [orc/trident (5)]
  1411 | D:3      | Killed from afar by an orc wizard

Vault maps used:
D:1:      roderic_chinese_lattice_arrival
D:2:      grunt_decor_clamped, uniq_terence, uniq_jessica
D:3:      minitemple, lemuel_coloured_pillars_altar,
          gammafunk_temple_overflow_wave, ecumenical_altar_2, dk_vineyard_3,
          uniq_natasha, uniq_grinder, uniq_iyjb

Skill      XL: |  1  2  3  4 |
---------------+-------------+-----
Fighting       | 1 2 |  2.3
Maces & Flails | 1 |  1.2
Dodging        | 3 |  3.0
Polearms       | |  0.8
Stealth        | |  3.4
Spellcasting   | |  2.0
Summonings     | |  4.0

Action                   |  1- 3 |  4- 6 || total
-------------------------+-------+-------++-------
Melee: Mace              |    34 |    54 ||    88
       Unarmed           |     4 |       ||     4
       Spear             |     3 |       ||     3
       Bite              |     5 |     4 ||     9
 Cast: Summon Small Mamm |    21 |    13 ||    34
  Use: Scroll            |     2 |       ||     2
       Potion            |       |     4 ||     4
 Stab: Sleeping          |     2 |     3 ||     5
Armor: Robe              |    10 |     5 ||    15
Dodge: Dodged            |    26 |    44 ||    70

Vault maps used:
D:1:      roderic_chinese_lattice_arrival
D:2:      grunt_decor_clamped, uniq_terence, uniq_jessica
D:3:      minitemple, lemuel_coloured_pillars_altar,
          gammafunk_temple_overflow_wave, ecumenical_altar_2, dk_vineyard_3,
          uniq_natasha, uniq_grinder, uniq_iyjb

Table legend:
 A = Turns spent in this place as a percentage of turns spent in the entire game.
 B = Non-inter-level travel turns spent in this place as a percentage of non-inter-level travel turns spent in the entire game.
 C = Inter-level travel turns spent in this place as a percentage of turns spent in this place.
 D = Turns resting spent in this place as a percentage of non-inter-level travel turns spent in this place.
 E = Turns spent auto-exploring this place as a percentage of non-inter-level travel turns spent in this place.
 F = Non-inter-level travel turns spent in this place divided by the number of levels of this place that you've seen.
                   A       B       C       D       E      F
               +-------+-------+-------+-------+-------+----------------------
         Total | 100.0 | 100.0 |   0.5 |   0.3 |  10.7 | 202.3
       Dungeon | 100.0 | 100.0 |   0.5 |   0.3 |  10.7 | 202.3
               +-------+-------+-------+-------+-------+----------------------

Table legend:
 A = Kills in this place as a percentage of kills in entire the game.
 B = Kills by you in this place as a percentage of kills by you in the entire game.
 C = Kills by friends in this place as a percentage of kills by friends in the entire game.
 D = Other kills in this place as a percentage of other kills in the entire game.
 E = Experience gained in this place as a percentage of experience gained in the entire game.
 F = Experience gained in this place divided by the number of levels of this place that you have seen.
                   A       B       C       D       E      F
               +-------+-------+-------+-------+-------+----------------------
         Total | 100.0 | 100.0 | 100.0 |  -nan | 100.0 |  48.3
       Dungeon | 100.0 | 100.0 | 100.0 |  -nan | 100.0 |  48.3
               +-------+-------+-------+-------+-------+----------------------
